[Event "Titled Tuesday Blitz October 25 Late 2022"]
[White "Dauw, Sterre"]
[Black "Vlassov, Nikolai"]
[WhiteFideId "248886"]
[BlackFideId "4103360"]
[WhiteElo "2187"]
[BlackElo "2324"]
[Result "0-1"]
[Round "03"]
[TimeControl "180+1"]
[Date "2022.10.26"]
[WhiteClock "0:00:21"]
[BlackClock "0:00:10"]

1. e4 Nc6 2. d4 d5 3. exd5 Qxd5 4. Nf3 Bg4 5. Be2 O-O-O 6. c3 Nf6 7. h3 Bh5 8. Bf4 e5 9. Nxe5 Qxg2 10. Bf3 Bxf3 11. Qxf3 Qxf3 12. Nxf3 Re8+ 13. Kf1 Nd5 14. Bg3 h6 15. Nbd2 f5 16. Be5 Nxe5 17. Nxe5 g5 18. Re1 Bg7 19. Ndf3 Re6 20. Nd3 Rhe8 21. Rxe6 Rxe6 22. Nfe5 b6 23. h4 g4 24. h5 c5 25. Kg2 cxd4 26. cxd4 Kb7 27. Kg3 Rd6 28. Rd1 Nf6 29. Kf4 Nxh5+ 30. Kxf5 g3 31. Kg4 Rxd4+ 32. Kxh5 Bxe5 33. fxg3 Bxg3 34. Kxh6 Rg4 35. Kh5 Rg8 36. Rg1 Rh8+ 37. Kg4 Bd6 38. Kf3 Rh3+ 39. Ke2 Rh2+ 40. Kd1 a5 41. Rg6 Kc6 42. Kc1 b5 43. a3 a4 44. Nb4+ Kc5 45. Nd3+ Kd5 46. Rg4 Bf8 47. Nb4+ Kc5 48. Nd3+ Kb6 49. Kb1 Rd2 50. Rg3 Be7 51. Rf3 Ka5 52. Rg3 Bf6 53. Rf3 Bd4 54. Rg3 Re2 55. Rf3 Kb6 56. Rg3 Kc6 57. Rh3 Rg2 58. Rf3 Rh2 59. Rf4 Kd5 60. Nb4+ Kc5 61. Nc2 Be5 62. Rf5 Kd6 63. Rf3 Kd5 64. Rf1 Re2 65. Rf3 Ke4 66. Rf1 Kd3 67. Rd1+ Kc4 68. Rf1 Rh2 69. Rf3 Rh1+ 70. Ka2 Rc1 71. Rf2 Kd3 72. Nb4+ Ke3 73. Rh2 Bxh2 74. Nd5+ Kd4 75. Nc3 Rxc3 76. bxc3+ Kxc3 77. Kb1 Kb3 78. Ka1 Kxa3 79. Kb1 b4 80. Ka1 b3 81. Kb1 Be5 82. Kc1 Ka2 83. Kd2 b2 84. Ke3 b1=Q 0-1


[Site "https://www.chess.com"]

[Event "Titled Tuesday Blitz October 25 Late 2022"]
[White "Dilanyan, Grigor"]
[Black "Prydun, Andriy"]
[WhiteFideId "13303570"]
[BlackFideId "14145898"]
[WhiteElo "2264"]
[BlackElo "2163"]
[Result "1-0"]
[Round "03"]
[TimeControl "180+1"]
[Date "2022.10.26"]
[WhiteClock "0:02:02"]
[BlackClock "0:00:04"]

1. d4 Nf6 2. Nf3 c6 3. Bg5 Qb6 4. Bxf6 gxf6 5. b3 d5 6. Nbd2 Bg7 7. e4 f5 8. e5 Bh6 9. Bd3 e6 10. O-O Qd8 11. Qe2 Nd7 12. c4 Nf8 13. cxd5 cxd5 14. Rac1 Ng6 15. g3 O-O 16. Rc2 Kh8 17. Rfc1 Rg8 18. Rc7 Nf4 19. Qf1 Qe8 20. Bb5 Qf8 21. Kh1 Ng6 22. R1c2 Qb4 23. Rxf7 Bxd2 24. Nxd2 Qxd4 25. Rcc7 Nf8 26. Qh3 Bd7 27. Rcxd7 Qa1+ 28. Bf1 Rg6 29. Rxf8+ 1-0


[Site "https://www.chess.com"]

[Event "Titled Tuesday Blitz October 25 Late 2022"]
[White "Djokic, Mihailo"]
[Black "Kirillov, Dmitry"]
[WhiteFideId "976440"]
[BlackFideId "34180572"]
[WhiteElo "2315"]
[BlackElo "2095"]
[Result "1-0"]
[Round "03"]
[TimeControl "180+1"]
[Date "2022.10.26"]
[WhiteClock "0:00:03"]
[BlackClock "0:00:04"]

1. e4 c6 2. d4 d5 3. e5 c5 4. dxc5 Nc6 5. Nf3 Bg4 6. c3 e6 7. Bb5 Bxf3 8. Qxf3 Bxc5 9. Qg3 Ne7 10. Bxc6+ bxc6 11. b4 Nf5 12. Qg4 Bb6 13. Bg5 Qc7 14. Bf4 a5 15. bxa5 Rxa5 16. O-O Ra4 17. h3 h5 18. Qg5 Qd7 19. Bh2 Rh6 20. Kh1 d4 21. Rd1 Qd5 22. Qf4 Rg6 23. f3 Rxa2 24. Rxa2 Qxa2 25. Nd2 dxc3 26. Qb4 cxd2 27. Qxb6 Ne7 28. Qb8+ Kd7 29. Qb7+ Ke8 30. Qb8+ Kd7 31. Qd6+ Kc8 32. Rxd2 Qb1+ 33. Rd1 Qb7 34. Qd8# 1-0


[Site "https://www.chess.com"]

[Event "Titled Tuesday Blitz October 25 Late 2022"]
[White "Dzierzak, Radoslaw"]
[Black "Osmak, Yuliia"]
[WhiteFideId "1161407"]
[BlackFideId "14101602"]
[WhiteElo "2111"]
[BlackElo "2328"]
[Result "1-0"]
[Round "03"]
[TimeControl "180+1"]
[Date "2022.10.26"]
[WhiteClock "0:00:07"]
[BlackClock "0:00:02"]

1. e4 c5 2. Nf3 d6 3. d4 cxd4 4. Nxd4 Nf6 5. Nc3 a6 6. g3 e6 7. Bg2 Be7 8. O-O O-O 9. a4 Nc6 10. Nb3 Bd7 11. f4 Rc8 12. a5 Nb4 13. Be3 Bc6 14. Bb6 Qd7 15. Nd4 d5 16. Nxc6 bxc6 17. e5 Ne8 18. Bf2 c5 19. Na4 Qb5 20. c3 Nc6 21. Nb6 Rd8 22. Qa4 Nc7 23. Rfd1 Na7 24. b3 Qxa4 25. Nxa4 Nab5 26. c4 dxc4 27. bxc4 Nd4 28. Rab1 Rb8 29. Rb6 Rfd8 30. Kf1 Kf8 31. Rdb1 Rbc8 32. Rb7 Ne8 33. Nb6 Rc7 34. Rxc7 Nxc7 35. Na4 Ne8 36. Rb6 Nc7 37. Rb7 Rc8 38. Nb6 Re8 39. Bxd4 cxd4 40. Rxc7 Bb4 41. Rd7 Bxa5 42. Na4 Rb8 43. Rxd4 Rb1+ 44. Kf2 Ra1 45. c5 Ke7 46. Rc4 Bc7 47. c6 a5 48. Bf3 Ra2+ 49. Be2 f5 50. exf6+ gxf6 51. Kf3 Ra3+ 52. Kf2 Ra2 53. Nc5 Kd6 54. Ne4+ Kd5 55. Nc3+ Kd6 56. Nxa2 1-0


[Site "https://www.chess.com"]

[Event "Titled Tuesday Blitz October 25 Late 2022"]
[White "Estrada Nieto, Julian"]
[Black "Atanasov, Anthony"]
[WhiteFideId "5101018"]
[BlackFideId "2623897"]
[WhiteElo "2252"]
[BlackElo "2048"]
[Result "1/2-1/2"]
[Round "03"]
[TimeControl "180+1"]
[Date "2022.10.26"]
[WhiteClock "0:00:08"]
[BlackClock "0:00:01"]

1. e4 c5 2. Nf3 d6 3. Bb5+ Bd7 4. Bxd7+ Kxd7 5. O-O Kc7 6. d4 e6 7. Nc3 a6 8. a4 Nc6 9. dxc5 dxc5 10. Bf4+ Bd6 11. e5 Be7 12. Qe2 g5 13. Rfd1 gxf4 14. Rxd8 Rxd8 15. Qe4 Nh6 16. Qxf4 Nf5 17. Ng5 Bxg5 18. Qxg5 Ncd4 19. Ne4 Nf3+ 20. gxf3 Rhg8 21. Qxg8 Rxg8+ 22. Kf1 Rd8 23. c3 c4 24. Ke2 Rd5 25. f4 Kc6 26. Nd2 Kc5 27. a5 Kb5 28. b3 Rd8 29. bxc4+ Kc5 30. Rb1 Rd7 31. Rb4 Kc6 32. Ne4 Rd8 33. Rb6+ Kc7 34. Nc5 Rb8 35. Ne4 Rd8 36. c5 Rd5 37. Nd6 Rxc5 38. Rxb7+ Kc6 39. Rxf7 Nxd6 40. exd6 Kxd6 41. Rxh7 Rxa5 42. h4 Ra2+ 43. Ke3 Rc2 44. Ra7 Rxc3+ 45. Kd4 Ra3 46. h5 a5 47. h6 Rh3 48. h7 a4 49. Ra6+ Ke7 50. Rxa4 Kf6 51. Ra7 Kf5 52. Rf7+ Kg6 53. Re7 Kf6 54. Ra7 Kf5 55. Ra8 Rxh7 56. Rf8+ Kg6 57. Ke5 Rh2 58. Kxe6 Rxf2 59. f5+ Kg7 60. Rf7+ Kg8 61. Ra7 Rb2 62. Ra6 Kg7 63. Ra7+ Kg8 64. Rd7 Re2+ 65. Kf6 Ra2 66. Rd8+ Kh7 67. Rd7+ Kg8 68. Rd8+ Kh7 69. Ke7 Ra7+ 70. Ke6 Ra6+ 71. Rd6 Ra7 72. f6 Kg6 73. Rb6 Ra1 74. Ke7 Re1+ 75. Re6 Ra1 76. f7+ Kh7 77. f8=Q Ra7+ 78. Kf6 Rf7+ 79. Qxf7+ Kh6 80. Re8 1/2-1/2


[Site "https://www.chess.com"]

[Event "Titled Tuesday Blitz October 25 Late 2022"]
[White "Ezat, Mohamed"]
[Black "Vovk, Orest"]
[WhiteFideId "10600906"]
[BlackFideId "14113490"]
[WhiteElo "2386"]
[BlackElo "2215"]
[Result "0-1"]
[Round "03"]
[TimeControl "180+1"]
[Date "2022.10.26"]
[WhiteClock "0:01:51"]
[BlackClock "0:01:16"]

1. d4 e5 2. dxe5 Nc6 3. Nf3 Qe7 4. e4 Nxe5 5. Be2 Nxf3+ 6. Bxf3 Nf6 7. O-O Qe5 8. Nc3 Bc5 9. g3 d6 10. Bf4 Qd4 11. e5 Qxd1 12. Raxd1 dxe5 13. Bxe5 c6 14. Bxf6 gxf6 15. Rfe1+ Be6 16. Bg4 Ke7 17. Ne4 Bb6 18. Nd6 Rhd8 19. Nxf7 Rxd1 20. Bxd1 Kxf7 21. Bh5+ Ke7 22. Bg4 f5 23. Bxf5 Kf6 24. Rxe6+ Kxf5 25. Re7 Rd8 26. Rxh7 Rd2 27. Rf7+ Ke6 28. Rf3 Rxc2 29. h4 Rxb2 30. h5 Rxa2 31. g4 Ra4 32. Rg3 Bc7 33. Re3+ Kf6 34. f3 Bb6 0-1


[Site "https://www.chess.com"]

[Event "Titled Tuesday Blitz October 25 Late 2022"]
[White "Faizrakhmanov, Ramil"]
[Black "Gireman, Ja"]
[WhiteFideId "24103209"]
[BlackFideId "5043794"]
[WhiteElo "2421"]
[BlackElo "2153"]
[Result "0-1"]
[Round "03"]
[TimeControl "180+1"]
[Date "2022.10.26"]
[WhiteClock "0:00:02"]
[BlackClock "0:00:10"]

1. d4 Nf6 2. c4 g6 3. Nc3 d5 4. cxd5 Nxd5 5. e4 Nxc3 6. bxc3 Bg7 7. Nf3 c5 8. Bb5+ Nc6 9. Rb1 O-O 10. d5 a6 11. Be2 Na5 12. c4 b5 13. cxb5 c4 14. bxa6 Bxa6 15. O-O Nb7 16. Nd4 Nc5 17. Nc6 Qc7 18. Qc2 Nd3 19. Ba3 Rfe8 20. g3 Qd7 21. Rfd1 e6 22. Nb4 Bb5 23. dxe6 Qxe6 24. Nxd3 cxd3 25. Bxd3 Ba4 26. Qc5 Bxd1 27. Bc4 Qg4 28. h3 Qf3 29. Qd5 Rad8 30. Qb7 Bd4 0-1


[Site "https://www.chess.com"]

[Event "Titled Tuesday Blitz October 25 Late 2022"]
[White "Fajdetic, Hrvoje"]
[Black "Ballester Llagaria, Luis Eduardo"]
[WhiteFideId "14501945"]
[BlackFideId "2297620"]
[WhiteElo "2172"]
[BlackElo "2344"]
[Result "0-1"]
[Round "03"]
[TimeControl "180+1"]
[Date "2022.10.26"]
[WhiteClock "0:00:20"]
[BlackClock "0:00:05"]

1. b3 e5 2. Bb2 Nc6 3. g3 d5 4. Bg2 Be6 5. d3 Qd7 6. Nd2 h5 7. h4 Nh6 8. e4 d4 9. Nh3 f6 10. f3 a5 11. a4 Bb4 12. Nf2 Bc3 13. Bxc3 dxc3 14. Nb1 Qd4 15. O-O Nb4 16. Qc1 Rg8 17. Kh2 g5 18. hxg5 Rxg5 19. Nd1 O-O-O 20. Nbxc3 Rdg8 21. Ne2 Qd7 22. Ne3 Qg7 23. Qe1 h4 24. g4 Bxg4 25. fxg4 Nxc2 26. Nxc2 Nxg4+ 27. Kh1 Nf2+ 28. Rxf2 Rxg2 29. Ne3 Rg5 30. Nf5 Qd7 31. Qxa5 Qxd3 32. Ne7+ Kb8 33. Nxg8 Qh3+ 34. Rh2 Qf3+ 35. Rg2 Qxg2# 0-1


[Site "https://www.chess.com"]

[Event "Titled Tuesday Blitz October 25 Late 2022"]
[White "Fernandez De La Vara, Arnaldo"]
[Black "Winterberg, Lukas"]
[WhiteFideId "3518388"]
[BlackFideId "24622702"]
[WhiteElo "2387"]
[BlackElo "2349"]
[Result "1-0"]
[Round "03"]
[TimeControl "180+1"]
[Date "2022.10.26"]
[WhiteClock "0:00:31"]
[BlackClock "0:00:26"]

1. Nf3 Nf6 2. b3 g6 3. Bb2 Bg7 4. g3 O-O 5. Bg2 d5 6. c4 c6 7. O-O Bf5 8. d3 a5 9. Nc3 Na6 10. Re1 Re8 11. h3 e5 12. cxd5 cxd5 13. e4 Bc8 14. exd5 Nd7 15. d4 exd4 16. Rxe8+ Qxe8 17. Nxd4 Ne5 18. Ndb5 Bf5 19. Nd6 Qd7 20. Nxf5 Qxf5 21. Qe2 Rd8 22. Re1 h5 23. Ne4 Nf3+ 24. Bxf3 Bxb2 25. Qxb2 Qxf3 26. Nf6+ Kf8 27. d6 Nc5 28. d7 Ne6 29. Qe5 h4 30. Qd6+ Kg7 31. Rxe6 hxg3 32. fxg3 fxe6 33. Qe7+ Kh6 34. Ng4+ Kh5 35. Qh4# 1-0


[Site "https://www.chess.com"]

[Event "Titled Tuesday Blitz October 25 Late 2022"]
[White "Fernandez Siles, Luis"]
[Black "Radovic, Luka"]
[WhiteFideId "2209420"]
[BlackFideId "911569"]
[WhiteElo "2186"]
[BlackElo "2257"]
[Result "0-1"]
[Round "03"]
[TimeControl "180+1"]
[Date "2022.10.26"]
[WhiteClock "0:00:02"]
[BlackClock "0:01:19"]

1. d4 d5 2. c4 e6 3. Nc3 Nf6 4. cxd5 exd5 5. Bg5 Be7 6. e3 O-O 7. Qc2 Nbd7 8. Bd3 c6 9. Nf3 Re8 10. O-O h6 11. Bh4 Ne4 12. Bxe7 Qxe7 13. Bxe4 dxe4 14. Nd2 f5 15. f3 Nf6 16. fxe4 fxe4 17. Nc4 Nd5 18. Nxd5 cxd5 19. Ne5 Be6 20. Rac1 Rac8 21. Qb3 Kh7 22. Rc2 Rxc2 23. Qxc2 Rc8 24. Qf2 Qg5 25. h4 Qe7 26. Qg3 Rc2 27. Qg6+ Kg8 28. Ng4 Bxg4 29. Qxg4 Rc6 30. Rf5 Qe6 31. Qf4 Rc8 32. h5 Qd7 33. Qe5 Rd8 34. g4 Qd6 35. g5 Qxe5 36. Rxe5 hxg5 37. Rxg5 Kf7 38. Re5 Kf6 39. Kf2 Rc8 40. Rxd5 Rc2+ 41. Kg3 Rxb2 42. Kf4 Rxa2 43. Kxe4 Rb2 44. Rd6+ Ke7 45. Ke5 a5 46. Rg6 Kf7 47. e4 a4 48. d5 b5 49. d6 Rd2 50. Re6 a3 51. Re7+ Kg8 52. Ra7 b4 53. Ke6 a2 54. e5 b3 55. d7 Rxd7 56. Kxd7 b2 57. e6 a1=Q 58. Rxa1 bxa1=Q 59. e7 Qa7+ 0-1


[Site "https://www.chess.com"]

[Event "Titled Tuesday Blitz October 25 Late 2022"]
[White "Florescu, Codrut-Constantin"]
[Black "Bordi, Kevin"]
[WhiteFideId "1202200"]
[BlackFideId "621862"]
[WhiteElo "2191"]
[BlackElo "2819"]
[Result "0-1"]
[Round "03"]
[TimeControl "180+1"]
[Date "2022.10.26"]
[WhiteClock "0:00:17"]
[BlackClock "0:00:35"]

1. e4 d5 2. exd5 Qxd5 3. d4 e5 4. Nf3 exd4 5. Qxd4 Nf6 6. Nc3 Qa5 7. Bf4 Nc6 8. Bb5 Be7 9. O-O O-O 10. Bxc6 bxc6 11. Qe5 Qxe5 12. Nxe5 Bd6 13. Nd3 Bf5 14. Bg5 Nd5 15. Nxd5 cxd5 16. Bf4 Bxd3 17. Bxd6 Bxf1 18. Bxf8 Kxf8 19. Kxf1 Ke7 20. b4 Kd6 21. Ke2 Rb8 22. a3 c5 23. c3 a5 24. bxa5 Ra8 25. Kd3 Rxa5 26. a4 Kc6 27. c4 d4 28. g4 h6 29. h4 f6 30. h5 Kb6 31. Ke4 Ra7 32. Kd5 Rd7+ 33. Ke6 Rd8 34. Ke7 Ra8 35. Kf7 Ra7+ 36. Kg6 Ka5 37. Rb1 Rd7 38. Kf5 d3 39. Ke6 Rd4 40. f3 Kxa4 41. Kf7 d2 42. Rd1 Rd7+ 43. Ke6 Rd4 44. Kf7 Kb3 45. Kxg7 Kxc4 46. Kxf6 Kd3 47. g5 hxg5 48. h6 Rh4 49. Kxg5 Rh2 50. f4 c4 51. f5 c3 52. f6 c2 53. f7 cxd1=Q 54. f8=Q Qg1+ 55. Kf6 Rf2+ 0-1


[Site "https://www.chess.com"]

[Event "Titled Tuesday Blitz October 25 Late 2022"]
[White "Garagulya, Konstantin"]
[Black "Bjelobrk, Igor"]
[WhiteFideId "4128931"]
[BlackFideId "4300726"]
[WhiteElo "2329"]
[BlackElo "2335"]
[Result "0-1"]
[Round "03"]
[TimeControl "180+1"]
[Date "2022.10.26"]
[WhiteClock "0:00:02"]
[BlackClock "0:00:15"]

1. d4 Nf6 2. Nf3 e6 3. Bg5 h6 4. Bh4 c5 5. Nbd2 cxd4 6. Nxd4 d5 7. e3 Be7 8. c4 O-O 9. cxd5 Qxd5 10. Qb3 Qa5 11. Rd1 e5 12. Nb5 Nc6 13. Bc4 a6 14. Nc3 b5 15. Be2 Be6 16. Qc2 Nb4 17. Qb1 Rac8 18. a3 Nbd5 19. Nxd5 Bxd5 20. O-O Rfd8 21. Bf3 Qa4 22. Bxf6 Bxf6 23. Bxd5 Rxd5 24. Ne4 Rxd1 25. Nxf6+ gxf6 26. Rxd1 Qc2 27. g4 Qxb1 28. Rxb1 Rc2 29. Kg2 e4 30. Kg3 Kf8 31. b4 Ra2 32. Rb3 Ke7 33. Rc3 Kd6 34. h3 Kd7 35. Kg2 Rd2 36. Rc1 Rd3 37. Ra1 Rb3 38. Kg3 Ke6 39. Kf4 Rb2 40. Kg3 Ke5 41. Rc1 Rb3 42. Ra1 f5 43. gxf5 Kxf5 44. Ra2 Ke5 45. Ra1 f5 46. Ra2 f4+ 47. Kg4 fxe3 48. fxe3 Rxe3 49. h4 Rc3 50. Kh5 Rc6 51. Kg4 Rf6 52. Rc2 e3 53. Rc5+ Kd4 54. Rc8 e2 55. Re8 Kd3 56. Rd8+ Kc2 57. Rc8+ Kd1 58. Rd8+ Ke1 59. h5 Kf1 0-1


[Site "https://www.chess.com"]

[Event "Titled Tuesday Blitz October 25 Late 2022"]
[White "Gedgafov, Chamal"]
[Black "Ozdemir, Serhan Berat"]
[WhiteFideId "34130621"]
[BlackFideId "6374611"]
[WhiteElo "2067"]
[BlackElo "2016"]
[Result "1-0"]
[Round "03"]
[TimeControl "180+1"]
[Date "2022.10.26"]
[WhiteClock "0:01:57"]
[BlackClock "0:00:02"]

1. c4 Nf6 2. g3 g6 3. Bg2 Bg7 4. Nc3 O-O 5. e4 d6 6. Rb1 c5 7. a3 a5 8. Nge2 Nc6 9. O-O Be6 10. d3 Qd7 11. Nf4 Nd4 12. Be3 Ng4 13. Bxd4 Bxd4 14. Nxe6 Qxe6 15. Bh3 h5 16. Nd5 Rad8 17. Kg2 f5 18. exf5 Rxf5 19. f3 Rxd5 20. fxg4 Re5 21. gxh5 Re2+ 22. Kh1 Qe3 23. Qc1 Qxc1 24. Rbxc1 Bxb2 25. Rce1 Rxe1 26. Rxe1 Be5 27. hxg6 Kg7 28. Bf5 Rb8 29. a4 b6 30. Kg2 Rf8 31. Be4 Kf6 32. Rf1+ Kg7 33. Rxf8 Kxf8 34. h4 Kg7 35. Kf3 Kf6 36. g4 e6 37. g5+ Kg7 38. Kg4 Bc3 39. h5 Kh8 40. h6 Bd4 41. Kh5 Kg8 42. g7 Kf7 43. Bh7 Bxg7 44. hxg7 Kxg7 45. Kg4 Kxh7 46. Kh5 Kg7 47. g6 d5 48. Kg5 dxc4 49. dxc4 e5 50. Kf5 e4 51. Kxe4 Kxg6 52. Kd5 Kf6 53. Kc6 Ke5 54. Kxb6 Kd4 55. Kb5 Kc3 56. Kxc5 Kb3 57. Kb5 1-0


[Site "https://www.chess.com"]

[Event "Titled Tuesday Blitz October 25 Late 2022"]
[White "Girsh, Daniel"]
[Black "Saucey, Michel"]
[WhiteFideId "30949190"]
[BlackFideId "601845"]
[WhiteElo "2075"]
[BlackElo "2253"]
[Result "0-1"]
[Round "03"]
[TimeControl "180+1"]
[Date "2022.10.26"]
[WhiteClock "0:00:32"]
[BlackClock "0:00:09"]

1. e4 c5 2. Nf3 e6 3. d4 cxd4 4. Nxd4 Nc6 5. Nc3 Qc7 6. Be3 a6 7. Qf3 Nxd4 8. Bxd4 b5 9. a3 Bb7 10. Bd3 Ne7 11. O-O-O Nc6 12. Be3 Ne5 13. Qg3 Nxd3+ 14. Rxd3 Qxg3 15. hxg3 Rc8 16. Rhd1 Bc6 17. g4 Be7 18. f3 f6 19. Rh1 Kf7 20. Ne2 h6 21. Rhd1 Rb8 22. Nd4 Bb7 23. Nb3 Bc8 24. Bc5 h5 25. gxh5 Rxh5 26. Bd6 Bxd6 27. Rxd6 Rh2 28. R6d2 Kg6 29. Nc5 Rb6 30. b4 Rc6 31. Kb2 a5 32. g3 Rh3 33. Rg2 axb4 34. axb4 d6 35. Nb3 Kf7 36. Nd4 Rb6 37. Ne2 Bd7 38. Nf4 Rh8 39. Rgd2 Rc8 40. Rxd6 Rxd6 41. Rxd6 Ke7 42. Rd2 g5 43. Ne2 Rh8 44. Nc1 Rh3 45. Rg2 f5 46. exf5 exf5 47. Nd3 Bc6 48. Ne5 Bd5 49. Rd2 Ke6 50. Re2 Kf6 51. Nd7+ Kg6 52. f4 Rxg3 53. Nb6 Be4 54. fxg5 Kxg5 55. Nc8 Rg2 56. Re1 Rxc2+ 57. Kb3 Rxc8 58. Ra1 Kf4 59. Ra7 Rb8 60. Re7 Ke3 61. Kc3 f4 62. Re8 Rxe8 63. Kb3 Rb8 64. Kc3 f3 65. Kb3 f2 66. Kc3 f1=Q 67. Kb2 Qf2+ 68. Kb3 Qd2 69. Ka3 Rd8 70. Kb3 Rd3# 0-1


[Site "https://www.chess.com"]

[Event "Titled Tuesday Blitz October 25 Late 2022"]
[White "Goltsev, Dmitry"]
[Black "Sorokin, Aleksey"]
[WhiteFideId "24176710"]
[BlackFideId "24176460"]
[WhiteElo "2257"]
[BlackElo "2476"]
[Result "0-1"]
[Round "03"]
[TimeControl "180+1"]
[Date "2022.10.26"]
[WhiteClock "0:00:04"]
[BlackClock "0:00:14"]

1. e4 c6 2. Nf3 d5 3. Nc3 Bg4 4. d4 dxe4 5. Nxe4 Nd7 6. h3 Bxf3 7. Qxf3 Ngf6 8. c3 Nxe4 9. Qxe4 Nf6 10. Qc2 Qd5 11. Be3 e5 12. Qb3 O-O-O 13. Qxd5 Nxd5 14. dxe5 Nxe3 15. fxe3 Bc5 16. Rd1 Bxe3 17. Bc4 Rde8 18. e6 fxe6 19. Ke2 Bc5 20. Rhf1 Re7 21. b4 Bb6 22. Rd6 Rhe8 23. a4 Bc7 24. Rd4 Be5 25. Rd3 Kc7 26. Kd2 Bf6 27. g4 e5 28. Kc2 e4 29. Re3 Bg5 30. Re2 e3 31. b5 Rd8 32. Bd3 g6 33. Rd1 Red7 34. h4 Bf4 35. h5 gxh5 36. gxh5 h6 37. Rg2 Bg5 38. Re2 c5 39. c4 Kb6 40. Kc3 Ka5 41. Rg2 a6 42. bxa6 bxa6 43. Re2 Rb8 44. Rf1 Rd6 45. Kc2 Bf6 46. Rxe3 Rb2+ 47. Kc1 Ra2 48. Re2 Ra3 49. Bb1 Kb4 50. Bf5 Rxa4 51. Rf3 Ra1+ 52. Bb1 a5 53. Ref2 Bd4 54. Rg2 a4 55. Rg6 Rxg6 56. hxg6 a3 57. Kc2 a2 58. Bxa2 Rxa2+ 59. Kb1 Rb2+ 60. Kc1 Rg2 61. Rh3 Rxg6 62. Kb1 Kxc4 63. Ka2 Rb6 64. Rf3 Ra6+ 65. Kb1 Ra1+ 66. Kc2 Ra2+ 67. Kb1 Rf2 68. Rh3 Kb4 69. Rxh6 c4 70. Rh4 Kb3 71. Kc1 c3 72. Rxd4 Rf1+ 73. Rd1 Rxd1+ 74. Kxd1 Kb2 0-1


[Site "https://www.chess.com"]

[Event "Titled Tuesday Blitz October 25 Late 2022"]
[White "Golubev, Mikhail"]
[Black "Sadhwani, Raunak"]
[WhiteFideId "14100983"]
[BlackFideId "35093487"]
[WhiteElo "2374"]
[BlackElo "2656"]
[Result "1-0"]
[Round "03"]
[TimeControl "180+1"]
[Date "2022.10.26"]
[WhiteClock "0:00:21"]
[BlackClock "0:00:22"]

1. e4 d6 2. d4 g6 3. c4 Bg7 4. Nc3 e5 5. dxe5 dxe5 6. Qxd8+ Kxd8 7. f4 Nc6 8. fxe5 Nxe5 9. Nf3 Ne7 10. Bg5 Nc6 11. O-O-O+ Bd7 12. Nd5 h6 13. Bf4 Rc8 14. Be2 g5 15. Bg3 Ng6 16. Rhf1 Rf8 17. h3 a5 18. b3 Nb4 19. Nxb4 axb4 20. Nxg5 hxg5 21. Bg4 f5 22. exf5 Be5 23. Rxd7+ Ke8 24. Re1 1-0


[Site "https://www.chess.com"]

[Event "Titled Tuesday Blitz October 25 Late 2022"]
[White "Gonzalez, Francisco Silva"]
[Black "Lindholt, Malik"]
[WhiteFideId "1512285"]
[BlackFideId "1404490"]
[WhiteElo "2159"]
[BlackElo "1982"]
[Result "1-0"]
[Round "03"]
[TimeControl "180+1"]
[Date "2022.10.26"]
[WhiteClock "0:01:00"]
[BlackClock "0:00:01"]

1. d4 Nf6 2. c4 g6 3. Nc3 Bg7 4. e4 d6 5. f3 O-O 6. Be3 Nc6 7. Nge2 a6 8. Rc1 Rb8 9. Qd2 Bd7 10. b3 b5 11. Ng3 e5 12. d5 Nd4 13. Nce2 bxc4 14. Rxc4 Bb5 15. Rc1 c5 16. dxc6 Nxc6 17. Rd1 Ne8 18. Rc1 f5 19. Qd5+ Kh8 20. Rxc6 Bxc6 21. Qxc6 f4 22. Bd2 fxg3 23. hxg3 Qb6 24. Qxb6 Rxb6 25. Nc3 Nf6 26. Bc4 Rc8 27. Kf2 Bf8 28. Bg5 Be7 29. Bxf6+ Bxf6 30. Nd5 Bd8 31. Nxb6 Bxb6+ 32. Ke2 Kg7 33. Rd1 Bd4 34. f4 a5 35. a4 Rf8 36. Bb5 Rc8 37. Bc4 Rf8 38. Rd3 h6 39. Kf3 Rb8 40. Kg4 Rf8 41. Kh3 Rb8 42. g4 Rf8 43. f5 g5 44. Kg3 Rb8 45. Rd2 Rf8 46. Rc2 Bc5 47. Kf3 Rb8 48. Ke2 Kf6 49. Kd3 Rb7 50. Bb5 Rc7 51. Rc4 Rb7 52. Kc2 Rc7 53. b4 axb4 54. a5 Ra7 55. a6 Kg7 56. Kb3 Kf7 57. Ka4 Ke7 58. Rc2 Kd8 59. Ka5 Kc7 60. Bc4 Ra8 61. Bd5 Ra7 62. Kb5 1-0


[Site "https://www.chess.com"]

[Event "Titled Tuesday Blitz October 25 Late 2022"]
[White "Goryachkina, Aleksandra"]
[Black "Sjugirov, Sanan"]
[WhiteFideId "4147103"]
[BlackFideId "4189302"]
[WhiteElo "2484"]
[BlackElo "2609"]
[Result "1/2-1/2"]
[Round "03"]
[TimeControl "180+1"]
[Date "2022.10.26"]
[WhiteClock "0:00:06"]
[BlackClock "0:00:01"]

1. e4 c5 2. Nf3 e6 3. c3 Nf6 4. e5 Nd5 5. d4 cxd4 6. cxd4 d6 7. Bc4 Be7 8. O-O O-O 9. Qe2 a6 10. Qe4 dxe5 11. dxe5 b5 12. Bd3 g6 13. Bh6 Re8 14. Nbd2 Bb7 15. Qe2 Nd7 16. Ne4 Nc5 17. Nxc5 Bxc5 18. Rad1 Be7 19. Be4 Qa5 20. a3 b4 21. axb4 Qxb4 22. Rd4 Qb6 23. h4 Red8 24. Rfd1 Bc6 25. h5 Nb4 26. Rxd8+ Rxd8 27. Rxd8+ Bxd8 28. hxg6 hxg6 29. Bg5 Bxe4 30. Qxe4 Nd5 31. Bxd8 Qxd8 32. Qg4 Ne7 33. Ng5 Nf5 34. Ne4 Kg7 35. Nf6 Qd2 36. Qh3 Qc1+ 37. Kh2 Qf4+ 38. Kg1 Nh6 39. Qg3 Qxg3 40. fxg3 Nf5 41. Kf2 Nd4 42. g4 Nc6 43. Nd7 g5 44. Ke3 Nb4 45. Ke4 Kg6 46. Nc5 a5 47. Nb3 Nc6 48. Nc5 Kg7 49. Nb7 Kf8 50. Nc5 Ke7 51. Nd3 f6 52. exf6+ Kxf6 53. Nc5 Ke7 54. Nb7 Kd7 55. Nc5+ Kd6 56. Nb7+ Ke7 57. Nc5 Kf6 58. Nd7+ Ke7 59. Nc5 Nb4 60. Nb7 Nc6 61. Nc5 1/2-1/2


[Site "https://www.chess.com"]

[Event "Titled Tuesday Blitz October 25 Late 2022"]
[White "Gritsenko, Nikolai"]
[Black "D`Arruda, Ricardo D."]
[WhiteFideId "14112493"]
[BlackFideId "100692"]
[WhiteElo "2389"]
[BlackElo "2455"]
[Result "1-0"]
[Round "03"]
[TimeControl "180+1"]
[Date "2022.10.26"]
[WhiteClock "0:00:27"]
[BlackClock "0:00:27"]

1. b3 e5 2. Bb2 Nc6 3. c4 Nf6 4. e3 d6 5. Nf3 Be7 6. d4 exd4 7. Nxd4 Bd7 8. Be2 O-O 9. O-O d5 10. Nd2 Nxd4 11. Bxd4 c6 12. Bf3 Be6 13. Qc2 Re8 14. Rfd1 Qd7 15. h3 Rad8 16. Rac1 b6 17. e4 dxc4 18. Nxc4 Qc8 19. Bxf6 gxf6 20. e5 Rxd1+ 21. Rxd1 fxe5 22. Nxe5 c5 23. Nc6 Qc7 24. Nxe7+ Qxe7 25. Qc3 Rd8 26. Re1 Rd4 27. Bg4 Qd6 28. Bxe6 fxe6 29. Qf3 a5 30. g3 b5 31. h4 c4 32. h5 e5 33. Qf5 Rd1 34. Qg4+ 1-0


[Site "https://www.chess.com"]

[Event "Titled Tuesday Blitz October 25 Late 2022"]
[White "Hambleton, Aman"]
[Black "Souleidis, Georgios"]
[WhiteFideId "2606577"]
[BlackFideId "4206827"]
[WhiteElo "2538"]
[BlackElo "2401"]
[Result "1-0"]
[Round "03"]
[TimeControl "180+1"]
[Date "2022.10.26"]
[WhiteClock "0:00:04"]
[BlackClock "0:00:04"]

1. d4 Nf6 2. Bf4 d5 3. e3 e6 4. Nf3 Bd6 5. Nbd2 b6 6. Bxd6 Qxd6 7. Ne5 O-O 8. Qf3 c5 9. c3 Nbd7 10. Qg3 Nh5 11. Qg5 g6 12. Nxd7 Bxd7 13. Be2 f6 14. Qh4 Ng7 15. Qg3 Nf5 16. Qxd6 Nxd6 17. O-O Rac8 18. Rfd1 cxd4 19. exd4 Kf7 20. Nf1 Bb5 21. Bf3 Bxf1 22. Kxf1 Nc4 23. Rab1 Rc7 24. a4 Rfc8 25. Ke2 f5 26. Kd3 Kf6 27. Re1 Nd6 28. Bd1 Ne4 29. f3 Nf2+ 30. Kd2 Nxd1 31. Rbxd1 Rc4 32. Ra1 a6 33. Ra3 R4c6 34. Kd3 Ke7 35. g3 Kd6 36. Re2 g5 37. Re1 h6 38. Raa1 R8c7 39. Re2 Rc8 40. Rae1 Kd7 41. Rg1 Rc4 42. Ra1 R4c6 43. Ree1 R8c7 44. Rh1 Rc8 45. h4 g4 46. fxg4 fxg4 47. Rhf1 Ke7 48. Rf4 Rg8 49. Raf1 Rg7 50. Rf6 Rc4 51. b3 Rc8 52. Rxh6 b5 53. axb5 axb5 54. Rff6 Rc6 55. b4 Ra6 56. Rfg6 Kf7 57. Rxg7+ Kxg7 58. Rh5 Kf6 59. Rg5 Ra1 60. Rxg4 Rd1+ 61. Kc2 Rg1 62. Kd2 e5 63. dxe5+ Kxe5 64. Rg5+ Ke4 65. Rg4+ Ke5 66. Ke2 Rg2+ 67. Ke3 Rg1 68. Rg5+ Ke6 69. h5 Re1+ 70. Kd4 Rd1+ 71. Kc5 Rd3 72. Kxb5 Rxc3 73. h6 Rc8 74. Rh5 d4 75. h7 Rh8 76. Kc4 1-0


[Site "https://www.chess.com"]